[Event "98th Caplin Hastings Masters 2024-25"]
[Site "Hastings"]
[Date "2025.01.01"]
[Round "7.11"]
[White "Wall, Tim P"]
[Black "Bazakutsa, Svyatoslav"]
[Result "0-1"]
[ECO "B30"]
[WhiteElo "2173"]
[BlackElo "2484"]
[Annotator "TA"]
[PlyCount "74"]
[EventDate "2024.12.23"]
[EventType "swiss"]
[EventCountry "ENG"]
[SourceTitle "playchess.com"]
[Source "ChessBase"]
[SourceQuality "1"]
[TimeControl "5400+30"]

1. e4 c5 2. Nf3 Nc6 3. b4 Nxb4 4. c3 Nc6 5. d4 cxd4 6. cxd4 e6 7. d5 (7. Nc3 $11) 7... Qf6 $17 8. dxc6 {[%emt 0:03:07] Black is better.} Qxa1 9. Qb3 (9. cxd7+ $17 Bxd7 10. Qb3) 9... bxc6 $19 10. e5 a5 {[%emt 0:05:45] aiming for ...a4.} 11. Bc4 {[%emt 0:07:44] [#]} Bb4+ $2 (11... a4 $1 $19 12. Qc2 Bb4+ 13. Ke2 a3) 12. Ke2 $1 $15 d5 $1 13. Bd3 (13. exd6 $15 Qf6 (13... Bxd6 $2 14. Bb2 $18) 14. Rd1) 13... c5 14. Bb5+ {[%emt 0:04:13] [#]} Kf8 $1 {[%emt 0:01:27][%cal Oa5a4] White must now prevent ...a4!} (14... Bd7 15. Bxd7+ Kxd7 16. Bb2 $15) 15. Rd1 a4 16. Qc2 a3 17. Kf1 (17. Bxa3 $17 Ne7 (17... Bxa3 $2 18. Nxa3 $18) 18. Kf1) 17... Ne7 (17... g5 $19 {...g4 would now be deadly.} 18. Bxa3 g4 (18... Bxa3 19. Nxa3 $16)) 18. Bxa3 $17 Rxa3 ({Much less strong is} 18... Bxa3 19. Nxa3 $11) (18... Ra7 {feels hotter.} 19. Rc1 Rb7 20. Ba6 Bxa3 21. Nxa3 Rb2) 19. Nxa3 Qc3 20. Qxc3 Bxc3 21. Nc4 $1 Ng6 $36 {[%emt 0:04:23][%mdl 2048] Black is pushing.} ({Weaker is} 21... dxc4 22. Rd8#) 22. Rc1 {[%emt 0:00:52] Nb6 is the strong threat.} d4 $1 (22... Bb4 23. Nd6 Ba3 24. Rc3 $16) 23. Ne1 Ke7 24. Nd3 Bb7 25. Nxc5 Bd5 {[%emt 0:00:30] And now ...Rc8 would win. A strong pair of Bishops.} 26. Na4 Rb8 (26... Bxc4+ $2 27. Bxc4 Nxe5 28. Bb3 $19) 27. Nxc3 dxc3 28. Na3 Bxa2 {[%emt 0:06:04] Black is more active.} 29. Rxc3 Nxe5 30. f4 Ng4 31. Ke2 (31. Kg1 $17) 31... g6 32. h3 Nf6 33. Rc7+ Kf8 34. g3 Bd5 35. g4 (35. Rc3 {might work better.}) 35... Bg2 $19 36. Rc3 Nd5 37. Rg3 (37. Rc4 $142) 37... Nxf4+ {[%emt 0:00:16] Weighted Error Value: White=0.31/Black=0.20 (precise) .  Missed win:     	---       	Black=1      Mistake:       	White=7     	Black=1      Inaccurate:     	White=2     	---        OK:         	White=11    	Black=15     Best:        	White=3     	Black=3      Strong:       	White=2     	Black=3} 0-1

[Event "98th Caplin Hastings Masters 2024-25"]
[Site "Hastings"]
[Date "2025.01.01"]
[Round "7.12"]
[White "Roux, Baptiste"]
[Black "Marusenko, Petr"]
[Result "1-0"]
[ECO "B11"]
[WhiteElo "2338"]
[BlackElo "2021"]
[Annotator "TA"]
[PlyCount "77"]
[EventDate "2024.12.23"]
[EventType "swiss"]
[EventCountry "ENG"]
[SourceTitle "playchess.com"]
[Source "ChessBase"]
[SourceQuality "1"]
[TimeControl "5400+30"]

1. e4 c6 2. Nc3 d5 3. Nf3 Bg4 4. h3 Bh5 5. exd5 cxd5 6. g4 Bg6 7. Ne5 Nc6 8. d4 e6 9. h4 $1 Nxe5 10. dxe5 Bb4 11. h5 Be4 12. f3 d4 13. fxe4 dxc3 14. Qxd8+ Rxd8 15. Bb5+ Kf8 16. b3 (16. Ke2 $1 $16) 16... h6 (16... a6 $11 17. Be2 Ne7) 17. Bf4 (17. Be3 $1 $16) 17... a6 $11 18. Be2 Ne7 19. a3 $40 {[%emt 0:06:17][%mdl 128] White mounts an attack.} Bc5 20. b4 Bb6 21. b5 a5 22. Rh3 f5 (22... g5 $11 {and Black has nothing to worry.} 23. Be3 Nc8) 23. exf6 $18 (23. Rxc3 $6 fxe4 24. Be3 Bxe3 25. Rxe3 Nd5 26. Rxe4 Ke7 $11) 23... gxf6 24. Rd1 Rxd1+ 25. Kxd1 f5 $2 (25... e5 $16 26. Bh2 Nc8 (26... Bd4 27. Rf3 $11)) 26. gxf5 (26. Rxc3 $6 fxe4 27. Rc4 Kf7 28. Rxe4 Nd5 $18) 26... exf5 27. exf5 Nd5 {[%emt 0:00:33] [#]} 28. Bd6+ {[%emt 0:04:29] This pair of bishops is nice.} (28. Be5 $6 Rg8 29. Bd3 (29. Bxc3 Rg2 $16) 29... Rg2 $18) (28. Bc1 $1 $18) 28... Ke8 {[%emt 0:00:18] [#]} (28... Kf7 $16 29. Bc4 Kf6) 29. Bd3 ({Better is} 29. Be5 $1 $18 Rg8 30. Bd3 (30. Bxc3 Rg5 $16)) 29... Kd7 $16 30. Be5 Re8 31. Bg7 Ne3+ (31... Be3 $16 {was necessary.}) 32. Kc1 $18 Nd5 33. Rh1 {[%emt 0:01:14][%cal Of5f6] Hoping for f6!. Prevents Re1+.} (33. Bxh6 $2 Re1#) 33... Bc5 $2 (33... Be3+ 34. Kb1 Bg5) 34. f6 ({Don't play} 34. Bxh6 Bxa3+ 35. Kb1 Bf8 $18) 34... Bxa3+ 35. Kb1 Bf8 36. Bg6 Ra8 37. Rd1 Ke6 38. Re1+ Kd6 $2 (38... Kd7 39. Bf5+ Kc7) 39. Re8 1-0

[Event "98th Caplin Hastings Masters 2024-25"]
[Site "Hastings"]
[Date "2025.01.01"]
[Round "7.13"]
[White "Gu In-Jung"]
[Black "Boswell, Jacob Connor"]
[Result "1-0"]
[ECO "B22"]
[WhiteElo "1987"]
[BlackElo "2277"]
[Annotator "TA"]
[PlyCount "99"]
[EventDate "2024.12.23"]
[EventType "swiss"]
[EventCountry "ENG"]
[SourceTitle "playchess.com"]
[Source "ChessBase"]
[SourceQuality "1"]
[TimeControl "5400+30"]

1. e4 c5 2. Nf3 Nc6 3. Bb5 e5 4. c3 a6 5. Bxc6 dxc6 6. Nxe5 Qe7 (6... Qg5 $15 7. Nf3 Qxg2) 7. d4 $11 cxd4 8. cxd4 f6 9. Nf3 (9. Qh5+ $2 g6 10. Qh4 fxe5 $19) (9. Nc4 $14) 9... Qxe4+ $15 10. Be3 Bg4 11. Nbd2 (11. Qb3 $11) 11... Qd3 $17 12. h3 Bh5 $36 {[%emt 0:03:29][%mdl 2048] Black is on the roll.} 13. Qa4 Qb5 14. Qxb5 axb5 15. d5 $1 c5 (15... cxd5 16. Nd4 $11) 16. Ne4 Bxf3 (16... b6 $1 $15) 17. gxf3 $11 b6 18. Nc3 {[%emt 0:02:27] [#]} (18. d6 $11 {keeps the balance.}) 18... b4 $1 $17 19. Nb5 Kd7 {[%emt 0:01:16] Inhibits Nc7.} 20. Ke2 Ne7 21. Rhd1 Nf5 22. a3 bxa3 23. Nxa3 Bd6 24. Nc4 Kc7 25. b4 {[%emt 0:00:24] [#]} Rhe8 (25... cxb4 26. Bxb6+ Kd7 27. Kd3 $11) (25... Nxe3 $1 $17 26. fxe3 cxb4) 26. Kd3 ({White should play} 26. Rdb1 $11) 26... Bf8 ({Don't play} 26... cxb4 $6 27. Bxb6+ Kd7 28. Kc2 $11) (26... Nxe3 $1 $15 27. fxe3 cxb4 28. Nxd6 Kxd6 29. Rxa8 Rxa8) 27. Bf4+ Kb7 28. Rxa8 (28. bxc5 Bxc5 29. Rxa8 Rxa8 30. Be3) 28... Rxa8 29. Ke4 (29. bxc5 {simplifies} Bxc5 30. Be3 Nxe3 31. fxe3 Ra2 32. Rb1) 29... g6 {[%emt 0:04:39] ...b5 is the strong threat.} 30. d6 Kc6 (30... cxb4 $15 31. Kd5 Rd8) 31. b5+ $11 Kxb5 (31... Kb7 $1 $11) 32. Kd5 $16 {[%emt 0:00:00] Black must now prevent Rb1+. White is more active.} Rd8 $2 (32... Ra4 $16 33. d7 (33. Rb1+ Rb4 $18) 33... Ne7+ (33... Be7 34. Rb1+ Rb4 35. Rxb4+ cxb4 36. Bc7 $18) 34. Ke6 Nc6) 33. Rb1+ $18 Ka6 34. Rxb6+ Ka7 35. Kxc5 Re8 36. Na5 {[%emt 0:00:00] Nc6+ would kill now.} Ka8 37. Ra6+ Kb8 38. Nc6+ Kc8 39. Kd5 Bxd6 40. Bxd6 Nxd6 41. Kxd6 {[%emt 0:00:00] KRN-KR} Kb7 42. Ra7+ Kb6 43. Rxh7 (43. Ra4 $142 Re5 44. Nxe5 Kb5 45. Rf4 fxe5 46. Rg4 (46. Kxe5 Kc6 $18) 46... Kb6 47. Rb4+ (47. Kxe5 Kc6 $18) 47... Ka5 48. Kc5) 43... Re2 44. Nd4 Rxf2 45. Rf7 f5 46. Ke5 Rh2 47. Rh7 Rg2 48. Kf4 Kc5 49. Ne6+ Kc4 50. Ng5 1-0

[Event "98th Caplin Hastings Masters 2024-25"]
[Site "Hastings"]
[Date "2025.01.01"]
[Round "7.14"]
[White "Nielsen, Andre"]
[Black "Malinovskii, Ilia"]
[Result "1-0"]
[ECO "C17"]
[WhiteElo "2276"]
[BlackElo "2003"]
[Annotator "TA"]
[PlyCount "107"]
[EventDate "2024.12.23"]
[EventType "swiss"]
[EventCountry "ENG"]
[SourceTitle "playchess.com"]
[Source "ChessBase"]
[SourceQuality "1"]
[TimeControl "5400+30"]

1. e4 e6 2. d4 d5 3. Nc3 Bb4 4. e5 c5 5. Bd2 Bxc3 6. Bxc3 b6 7. Qg4 Kf8 8. Nf3 Ne7 {[%emt 0:05:54] White is slightly better.} 9. Qf4 {[%emt 0:13:22] Black is weak on the dark squares} h6 10. h4 Nbc6 11. h5 Qc7 12. Bd3 cxd4 13. Nxd4 Nxd4 14. Qxd4 a5 15. Rh3 Ba6 16. Bxa6 Rxa6 17. b3 b5 18. a3 Rc6 19. Qd2 Kg8 20. Rf3 g6 (20... Nf5 $11) 21. hxg6 {[%emt 0:07:42] White is more active.} (21. Bxa5 $2 Qxe5+ 22. Qe2 Qxa1+ $19) 21... Nxg6 22. O-O-O (22. Bxa5 $2 Qxe5+ 23. Qe3 Qxa1+ $19) 22... a4 23. Kb2 Kg7 (23... h5 $14) 24. Rh1 axb3 25. cxb3 Qe7 (25... h5 $16) 26. Bb4 (26. Rh5 $18) 26... Qg5 $16 27. Qxg5 hxg5 28. Rxh8 Nxh8 {[%emt 0:00:08][%mdl 4096] Endgame. KRB-KRN} (28... Kxh8 $16 {keeps fighting.} 29. Bc3 (29. Rxf7 Nxe5 30. Rb7 Nd3+ 31. Ka1 Rc1+ 32. Ka2 Rc2+ 33. Ka1 Nxb4 $15) 29... Rc8 30. Rh3+ (30. Rxf7 Nf4 $16) 30... Kg7) 29. Be7 $18 {[%emt 0:00:32] Strongly threatening Bf6+.} Ng6 30. Bxg5 Kf8 31. Bf6 {[%emt 0:00:28] Rc3 is the strong threat.} Ke8 32. Rh3 Nf4 {[%emt 0:03:03] [#]} 33. Rg3 Kd7 34. Bg5 Ng6 35. f4 Kc7 (35... Rc8 $16 36. Re3 Rg8) 36. Rh3 {[%emt 0:01:15] Black must now prevent Rh7.} Kb7 37. Rh7 Rc7 38. g3 {[%emt 0:00:57] Bd8 would now be deadly.} Nf8 {[%emt 0:01:53] [#]} (38... Ka6 $16 {might work better.} 39. Rh1 Kb7) 39. Rg7 $1 d4 (39... Ka6 $142 40. g4 d4) 40. Bd8 Rd7 41. Ba5 Kc6 42. Kc2 Kd5 43. Bb4 Rc7+ 44. Kd2 Ng6 45. Kd3 Ra7 46. Rg8 {[%emt 0:00:29] And now Rc8 would win.} Rd7 (46... Kc6 $142 47. Rd8 (47. Kxd4 Ne7 $18) 47... Kc7 48. Rxd4 Kc6 49. Rd6+ Kc7) 47. Rc8 Nxe5+ 48. fxe5 Kxe5 {[%emt 0:00:07] KRB-KR} 49. Rc5+ Rd5 50. a4 {[%emt 0:00:24] White mates.} bxa4 51. bxa4 Kd6 {[%emt 0:01:02] [#]} 52. a5 $1 Rxc5 53. a6 Kc6 54. Bxc5 {[%emt 0:00:18] Weighted Error Value: White=0.13 (very precise) /Black=0.37.  Mistake:       	White=1     	Black=8      Inaccurate:     	White=2     	Black=1      OK:         	White=20    	Black=12     Best:        	White=4     	Black=3      Strong:       	White=1     	---} 1-0

[Event "98th Caplin Hastings Masters 2024-25"]
[Site "Hastings"]
[Date "2025.01.01"]
[Round "7.15"]
[White "Abrahams, Daniel"]
[Black "Bozinakis, Pavlos"]
[Result "0-1"]
[ECO "E36"]
[WhiteElo "2072"]
[BlackElo "2271"]
[Annotator "TA"]
[PlyCount "104"]
[EventDate "2024.12.23"]
[EventType "swiss"]
[EventCountry "ENG"]
[SourceTitle "playchess.com"]
[Source "ChessBase"]
[SourceQuality "1"]
[TimeControl "5400+30"]

1. d4 Nf6 2. c4 e6 3. Nc3 Bb4 4. Qc2 O-O 5. a3 Bxc3+ 6. Qxc3 d5 7. Nf3 dxc4 8. Qxc4 b6 {[%emt 0:00:23] Black is weak on the dark squares} 9. Bg5 Bb7 {[%emt 0:00:38] Inhibits e4.} 10. e3 Nbd7 11. Be2 {[%emt 0:01:58] The position is equal.} h6 12. Bxf6 Nxf6 13. O-O Rc8 14. b4 Qd6 15. h3 c5 16. dxc5 bxc5 17. Rfd1 Bd5 18. Qh4 {[%emt 0:03:09][%cal Oe3e4] Hoping for e4!} Rfd8 19. Bc4 Qb6 20. Bxd5 Rxd5 21. Rxd5 Nxd5 22. Rc1 a5 23. Rxc5 Rxc5 24. bxc5 Qxc5 $11 {[%emt 0:00:16][%mdl 4096] Endgame. KQN-KQN} 25. Qa4 Nc3 26. Qe8+ Qf8 27. Qxf8+ Kxf8 {[%emt 0:00:09] KN-KN} 28. Ne5 a4 29. Kf1 Ke7 30. Nc4 Kd7 31. Ke1 $1 Kc6 {[%emt 0:00:57] Threatens to win with ...Kc5.} 32. Kd2 $1 (32. Ne5+ Kd5 33. Nxf7 Nb1 $15) 32... Ne4+ 33. Kd3 (33. Ke2 $11) 33... Nxf2+ $17 34. Kd4 f6 {[%emt 0:03:49] Dodges Ne5+} 35. e4 $2 (35. Nb2 $17) 35... e5+ $19 36. Ke3 {[%emt 0:00:24] [#]} Nd1+ 37. Kd3 Kc5 38. Nd2 h5 (38... g6 $19 {and Black stays clearly on top. aiming for ...f5.} 39. h4 h5) 39. h4 $2 (39. Nb1 $17) 39... g6 40. g3 Kb5 (40... Nf2+ $142 41. Ke2 Nh1 (41... Ng4 $2 42. Kd3 $19)) 41. Nb1 {[%emt 0:02:12] [#]} f5 (41... Nb2+ $1 $19 {is more deadly.} 42. Kc2 Nc4) 42. Kc2 $17 Ne3+ (42... Nf2 $17 43. Nc3+ Kc6 44. exf5 gxf5 45. Nxa4 Ne4) 43. Kd3 $11 Nf1 44. Nc3+ Kc6 45. Nxa4 Nxg3 46. Nc3 fxe4+ 47. Nxe4 Nf5 48. Nf6 Nxh4 {[%emt 0:00:47] ...Nf5 is the strong threat.} 49. Ke4 Kd6 {[%emt 0:00:50] White must now prevent ...Nf5.} 50. a4 Nf5 {[%emt 0:01:15] ...Ke6 would now be deadly.} 51. a5 $1 Ke6 52. Ne8 (52. a6 $15 Nd6+ (52... Kxf6 $2 {perishes.} 53. a7 $18) 53. Kf3) 52... Nd6+ {[%emt 0:01:15] Weighted Error Value: White=0.30/Black=0.16 (very precise) .  Loses game:     	White=3     	---        Missed win:     	---       	Black=1      Mistake:       	White=1     	Black=3      Inaccurate:     	---       	Black=1      OK:         	White=21    	Black=13     Best:        	White=3     	Black=6      Strong:       	White=3     	---} 0-1

[Event "98th Caplin Hastings Masters 2024-25"]
[Site "Hastings"]
[Date "2025.01.01"]
[Round "7.16"]
[White "Badacsonyi, Stanley"]
[Black "Adams, Henry"]
[Result "1/2-1/2"]
[ECO "E46"]
[WhiteElo "2266"]
[BlackElo "1991"]
[Annotator "RC"]
[PlyCount "66"]
[EventDate "2024.12.23"]
[EventType "swiss"]
[EventCountry "ENG"]
[SourceTitle "playchess.com"]
[Source "ChessBase"]
[SourceQuality "1"]
[TimeControl "5400+30"]

1. d4 Nf6 2. c4 e6 3. Nc3 Bb4 4. e3 O-O 5. Bd2 c5 6. a3 Bxc3 7. Bxc3 Ne4 8. Ne2 b6 9. d5 Bb7 10. f3 Nxc3 11. Nxc3 exd5 12. cxd5 d6 13. Qd2 Nd7 14. Be2 a6 15. a4 f5 16. O-O-O Qe7 17. Rhe1 Rae8 18. e4 fxe4 19. Nxe4 Nf6 20. Nc3 Qe3 21. Qxe3 Rxe3 22. Bd3 Rxe1 23. Rxe1 Bc8 24. Kd2 Kf7 25. Rb1 a5 26. Nb5 Rd8 27. Nc3 Re8 28. Nb5 Rd8 29. Nc3 Re8 30. Ne4 Nxe4+ 31. fxe4 Rf8 32. Ke3 Ke7 33. b3 Bd7 1/2-1/2

[Event "98th Caplin Hastings Masters 2024-25"]
[Site "Hastings"]
[Date "2025.01.01"]
[Round "7.17"]
[White "Steiners, Emils"]
[Black "Bilandzic, Ante"]
[Result "0-1"]
[ECO "A52"]
[WhiteElo "2209"]
[BlackElo "1912"]
[Annotator "TA"]
[PlyCount "50"]
[EventDate "2024.12.23"]
[EventType "swiss"]
[EventCountry "ENG"]
[SourceTitle "playchess.com"]
[Source "ChessBase"]
[SourceQuality "1"]
[TimeControl "5400+30"]

1. d4 Nf6 2. c4 e5 3. dxe5 Ng4 4. Nf3 Bc5 5. e3 Nc6 6. Be2 O-O 7. O-O Re8 8. Nc3 Ngxe5 9. Nxe5 Nxe5 10. a3 a5 11. b3 Ra6 12. Qc2 Qh4 {[%emt 0:00:36] Threatens to win with ...Rh6.} 13. Ne4 $2 {[%emt 0:14:07][%mdl 8192] [#]} (13. Qe4 $11 {and White stays safe.} Qd8 14. Qd5) 13... Rh6 $1 $19 14. h3 (14. f4 Qxh2+) 14... d5 15. Ng3 {[%emt 0:09:09] [#]} (15. cxd5 Bxh3 16. g3 (16. Nxc5 {is a self mate.} Bxg2 17. f3 Qg3) (16. gxh3 Qxh3) 16... Rg6) (15. Nxc5 $142 Bxh3 16. g3 (16. gxh3 Qxh3)) 15... Bxh3 $1 16. gxh3 Qxh3 17. Rd1 Qh2+ 18. Kf1 Rf6 19. Bh5 Qxg3 20. Rxd5 Qh3+ 21. Ke1 Qxh5 22. Bb2 Nf3+ 23. Kd1 Rd6 24. Rxd6 Nd4+ 25. Kc1 Nxc2 0-1

[Event "98th Caplin Hastings Masters 2024-25"]
[Site "Hastings"]
[Date "2025.01.01"]
[Round "7.18"]
[White "Mikalajunas, Kajus"]
[Black "Bin-Suhayl, Ieysaa"]
[Result "0-1"]
[ECO "A11"]
[WhiteElo "1941"]
[BlackElo "2183"]
[Annotator "TA"]
[PlyCount "72"]
[EventDate "2024.12.23"]
[EventType "swiss"]
[EventCountry "ENG"]
[SourceTitle "playchess.com"]
[Source "ChessBase"]
[SourceQuality "1"]
[TimeControl "5400+30"]

1. Nf3 d5 2. g3 Nf6 3. Bg2 c6 4. O-O Bg4 5. c4 e6 6. cxd5 Bxf3 7. Bxf3 cxd5 8. Nc3 Nc6 9. d4 Bb4 10. e3 Bxc3 11. bxc3 O-O 12. Rb1 Qd7 13. c4 dxc4 $15 14. Qc2 {[%emt 0:00:39] [#]} b5 $1 15. a4 (15. Ba3 Rfb8) 15... a6 $1 16. Ba3 Rfc8 17. Bc5 Nd5 18. e4 $1 Nf6 {[%emt 0:00:51] Excellent horsemanship.} 19. Rfd1 (19. Qc3 $15) 19... Na5 $1 $17 20. Bb4 (20. e5 Nd5 21. Be4 Nb7 (21... bxa4 22. Bxh7+ Kh8 23. Be4 $15) 22. Bxh7+ Kh8 $16) 20... Nb3 $1 21. d5 e5 $1 (21... bxa4 22. dxe6 Qxe6 23. e5 $14) 22. Qb2 $2 (22. Bc3 $17 Qd6 (22... bxa4 23. Bxe5 Ne8 24. d6 $16) 23. Qb2) 22... Nd4 $1 $19 (22... bxa4 23. Qxe5 Rab8 24. Bc3 $15) 23. Rxd4 exd4 24. Qxd4 {[%emt 0:00:52] [#]} a5 $1 (24... bxa4 25. Bc3 $11) 25. Bc5 b4 {[%emt 0:00:24] Strongly threatening ...c3.} (25... bxa4 26. Kg2 c3 27. e5 $17) 26. e5 (26. Re1 {was necessary.} Qc7 (26... Qxa4 27. e5 $19) 27. Bb6) 26... Qf5 27. Kg2 (27. Re1 $142 Qxf3 28. exf6 Qxf6 29. Qxc4) 27... Qxb1 28. exf6 c3 29. d6 c2 30. Qg4 g6 (30... c1=R 31. Qxg7#) 31. Bxa8 Rxa8 {[%emt 0:00:10] KQR-KQB} (31... c1=R 32. Qxc8#) (31... Rxc5 $2 {is the wrong capture.} 32. Qd7 $18) 32. Qe4 Rf8 (32... c1=R 33. Qxa8#) 33. Qe7 {[%emt 0:00:43] [#]} Qf1+ 34. Kxf1 c1=Q+ ({Weaker is} 34... c1=B 35. Qxf8+ (35. d7 Bh6 36. d8=Q Rxd8 37. Qxd8+ Bf8 38. Qxf8#) 35... Kxf8 36. d7+ Kg8 37. d8=Q#) 35. Kg2 Qxc5 36. d7 Qb6 0-1

[Event "98th Caplin Hastings Masters 2024-25"]
[Site "Hastings"]
[Date "2025.01.01"]
[Round "7.19"]
[White "Boyer, Mahel"]
[Black "White, Stuart A"]
[Result "1-0"]
[ECO "A07"]
[WhiteElo "2526"]
[BlackElo "2017"]
[Annotator "TA"]
[PlyCount "83"]
[EventDate "2024.12.23"]
[EventType "swiss"]
[EventCountry "ENG"]
[SourceTitle "playchess.com"]
[Source "ChessBase"]
[SourceQuality "1"]
[TimeControl "5400+30"]

1. Nf3 d5 2. g3 g6 3. Bg2 Bg7 4. O-O e5 5. d3 Nc6 6. Nc3 d4 7. Ne4 h6 8. e3 Nge7 9. c3 (9. exd4 $11 exd4 10. c4) 9... O-O (9... f5 $15 10. Nc5 b6) 10. exd4 $11 exd4 11. c4 f5 12. Nc5 Qd6 13. Nb3 g5 14. h4 g4 $1 15. Nh2 Be5 {[%emt 0:05:46] Dodges Bf4} 16. Re1 h5 ({Better is} 16... a5 $15) 17. c5 $1 $14 Qg6 18. Bg5 Re8 (18... Bf6 $14) 19. Qd2 {[%emt 0:03:52] White is more active.} Bd7 20. Re2 Qf7 21. Bf4 Ng6 22. Bxe5 Rxe5 23. Rxe5 Ngxe5 24. Qg5+ Kh7 25. Rd1 Rg8 26. Qf4 Re8 27. f3 (27. Nxd4 $2 Ng6 (27... Qxa2 $2 28. Nxf5 Qf7 29. Qh6+ Kg8 30. Bd5 $18) 28. Qxc7 Nxd4 29. Qxb7 Re7 $19) 27... Ng6 28. Qxc7 f4 (28... Re2 $11) 29. fxg4 $16 (29. Qxb7 fxg3 30. Nxd4 gxh2+ (30... Nxd4 $2 31. fxg4 gxh2+ 32. Kh1 $19) 31. Kh1 Nxh4 (31... Nxd4 $2 32. fxg4 Re7 33. Rf1 $19) 32. Nxc6 gxf3 $19 (32... Nxf3 33. Nb8 $17) (32... Nxg2 $2 33. Nd4 $19)) 29... fxg3 30. Nf3 {[%emt 0:02:27] Threatens to win with Ng5+.} (30. Qxg3 $6 Nf4 31. Kh1 (31. Be4+ $2 Rxe4 32. Re1 Rxe1+ 33. Qxe1 hxg4 $19) 31... Nxg2 $11) 30... Kg8 {[%emt 0:02:10] [#]} (30... Kh8 $142 31. Rf1 Qe7) 31. Qxg3 (31. Rf1 $142 $1) 31... Bxg4 {[%emt 0:00:27] ...Nf4 would now be deadly.} 32. Re1 ({White should try} 32. Ng5 $16 Qf5 (32... Qf4 33. Bd5+ Kh8 34. Qxf4 $16) 33. Rf1) 32... Re3 (32... Rxe1+ $11 {remains equal.} 33. Nxe1 Nf4) 33. Nbxd4 Rxd3 34. Nxc6 bxc6 35. Qb8+ Kg7 36. Ne5 $36 {[%emt 0:03:31][%mdl 2048] White is in control.} Nxe5 37. Qxe5+ Kg8 $2 (37... Qf6 $16 38. Bxc6 Qxe5 39. Rxe5 Rd1+ 40. Kf2 Rd2+ 41. Ke3 Rxb2) 38. Qg5+ $18 Kh8 39. Re7 ({Weaker is} 39. Bxc6 Rg3+ 40. Bg2 Rxg2+ 41. Kxg2 Qf3+ 42. Kg1 Qg3+ 43. Kf1 Bh3+ 44. Ke2 Bg4+ 45. Kf1 Qh3+ 46. Kg1 (46. Kf2 Qf3+ 47. Kg1 Qg3+ 48. Kf1 $11) 46... Qg3+ 47. Kf1 $11) 39... Rd1+ 40. Kh2 Qf8 41. Qe5+ (41. Rxa7 $2 {leads to mate.} Qb8+) 41... Kg8 42. Re8 1-0

[Event "98th Caplin Hastings Masters 2024-25"]
[Site "Hastings"]
[Date "2025.01.01"]
[Round "7.20"]
[White "Golding, Alex"]
[Black "Struck, Lasse"]
[Result "1/2-1/2"]
[ECO "B40"]
[WhiteElo "2405"]
[BlackElo "1983"]
[Annotator "TA"]
[PlyCount "90"]
[EventDate "2024.12.23"]
[EventType "swiss"]
[EventCountry "ENG"]
[SourceTitle "playchess.com"]
[Source "ChessBase"]
[SourceQuality "1"]
[TimeControl "5400+30"]

1. Nf3 c5 2. e4 e6 3. Nc3 a6 4. d4 cxd4 5. Qxd4 Nc6 6. Qe3 d6 7. Bc4 Nf6 8. h3 Qc7 9. Bb3 Be7 10. g4 (10. O-O $11) 10... b5 $17 11. Bd2 Na5 12. g5 Nd7 ({Better is} 12... Nh5 $17) 13. Nd4 Ne5 14. Qe2 Nec4 15. Bc1 (15. O-O-O $142) 15... Qc5 16. Bxc4 Nxc4 (16... Qxc4 17. Qxc4 Nxc4 18. b3 $15) 17. Nb3 Qc6 18. f3 O-O 19. h4 b4 20. Nd1 a5 21. Nd4 Qc5 22. Be3 Nxe3 23. Qxe3 Bd8 24. Nb3 Qc6 25. Qd2 Bb6 (25... f5 $19 26. Nd4 Qb7) 26. Nf2 $2 (26. Ne3 $17 {keeps fighting.}) 26... a4 $19 27. Nc1 (27. Nd4 {only move.} Qc4 28. Ne2) 27... a3 28. bxa3 (28. b3 $142 f5 29. Ncd3) 28... Rxa3 ({Don't play} 28... bxa3 29. Ne2 $19) 29. Nb3 Ba6 30. Nd3 Bxd3 31. cxd3 Rfa8 (31... Qa4 $19 32. Ke2 f5 33. gxf6 Rxf6) 32. Ke2 (32. Rc1 $17 Qd7 33. Qxb4) 32... Qa4 33. Rhc1 (33. Rhb1 $17) 33... g6 (33... Rxa2 $2 {loses.} 34. Rxa2 Qxa2 35. Rc8+ Rxc8 36. Qxa2 $18) 34. Kf1 Rxa2 $2 (34... Kg7 $19 35. d4 d5 (35... Rxa2 36. Rxa2 Qxa2 37. Qxa2 $17)) 35. Rxa2 $11 Qxa2 36. Rc8+ Kg7 $1 37. Rxa8 Qxa8 38. Qxb4 {[%emt 0:00:09][%mdl 4096] Endgame KQB-KQN} Qa6 39. Qxd6 Qb5 40. Nd2 Qb2 41. Qf4 {[%emt 0:05:29] Prevents Be3} e5 42. Qf6+ Kg8 {[%emt 0:00:08] White must now prevent ...Qc1+.} 43. Qd6 Bd4 44. Qd8+ Kg7 45. Qf6+ Kg8 1/2-1/2